 Dungeon Crawl Stone Soup version 0.26.1 (webtiles) character file.

Game seed: 8492887492259414080

3826 hawla the Destroyer (level 9, -3/25 (62) HPs)
             Began as a Black Draconian Conjurer on Feb 6, 2021.
             Slain by an orc knight
             ... wielding a +0 war axe
              (15 damage)
             ... in a bailey.
             The game lasted 00:21:09 (9622 turns).

hawla the Destroyer (Black Draconian Conjurer)      Turns: 9622, Time: 00:21:10

HP:   -3/25 (62)    AC:  8    Str:  9    XL:     9   Next: 97%
MP:   16/19         EV: 12    Int: 23    God:
Gold: 19            SH:  0    Dex:  9    Spells: 15/22 levels left

rFire    . . .     SeeInvis .   B - +0 quarterstaff
rCold    . . .     Faith    .   (shield currently unavailable)
rNeg     . . .     Spirit   .   (armour unavailable)
rPois    +         Reflect  .   (helmet restricted)
rElec    +         Harm     .   (no cloak)
rCorr    .         Rampage  .   (no gloves)
Will     .....                  n - +0 pair of boots
Stlth    ++........             C - amulet of magic regeneration
HPRegen  0.08/turn              a - ring of wizardry
MPRegen  0.41/turn              h - ring of wizardry

@: flying, extremely drained
A: breathe lightning, unfitting armour, claws 1, poison resistance, electricity
resistance, cold-blooded, AC +7
a: Breathe Lightning


You were in a bailey.
You visited 1 branch of the dungeon, and saw 8 of its levels.
You also visited: Bailey.

You collected 439 gold pieces.
You spent 420 gold pieces at shops.

Inventory:

Hand Weapons
 B - a +0 quarterstaff (weapon)
Missiles
 e - 10 poisoned darts
 f - 3 boomerangs (quivered)
Armour
 n - a +0 pair of boots (worn)
Jewellery
 a - a ring of wizardry (left claw)
 h - a ring of wizardry (right claw)
 C - an amulet of magic regeneration (around neck)
Wands
 i - a wand of random effects (27)
 l - a wand of paralysis (5)
 t - a wand of iceblast (19)
 y - a wand of flame (18)
 z - a wand of polymorph (1)
Scrolls
 c - a scroll of enchant armour
 g - 7 scrolls of remove curse
 j - 2 scrolls of enchant weapon
 k - a scroll of fog
 m - a scroll of blinking
 o - 2 scrolls of amnesia
 q - a scroll of teleportation {unknown}
 r - 8 scrolls of identify
 s - 2 scrolls of random uselessness {unknown}
 x - a scroll of fear {unknown}
Potions
 p - a potion of cancellation
 u - a potion of brilliance
 w - a potion of invisibility
 A - a potion of lignification {unknown}


   Skills:
 - Level 4.0 Staves
 - Level 1.7 Dodging
 - Level 1.7 Stealth
 + Level 7.2 Spellcasting
 - Level 9.0 Conjurations
 - Level 2.0 Translocations
 * Level 7.2 Ice Magic
 - Level 3.2 Air Magic


You had 15 spell levels left.
You knew the following spells:

 Your Spells              Type           Power        Failure   Level
a - Magic Dart            Conj           100%         1%          1
b - Searing Ray           Conj           98%          1%          2
c - Iskenderun's Mystic   Conj/Tloc      33%          2%          4

Your spell library contained the following spells:

 Spells                   Type           Power        Failure   Level
 Dazzling Flash           Conj/Hex       58%          1%          3
 Fulminant Prism          Conj/Hex       14%          3%          4


Dungeon Overview and Level Annotations

Branches:
Dungeon (8/15)             Temple (0/1) D:6            Lair (0/6) D:8
 Bailey (1/1)

Altars:
Dithmenos
Elyvilon
Fedhas
Nemelex Xobeh
Okawaru
Qazlal
Ru
Uskayaw
Yredelemnul
Zin

Shops:
D:6 =


Innate Abilities, Weirdness & Mutations

You can breathe wild blasts of lightning.
Your glossy black scales are hard. (AC +7)
You cannot fit into any form of body armour.
You are resistant to electric shocks. (rElec)
You are cold-blooded and may be slowed by cold attacks.
You have sharp fingernails.
Your system is resistant to poisons. (rPois)


Message History

The electric eel shoots out a bolt of lightning at you!
The bolt of electricity hits you. You resist.
The searing ray hits the orc knight.
The orc knight is lightly wounded.
The orc knight hits you but does no damage.
The electric eel shoots out a bolt of lightning at you!
The bolt of electricity hits you. You resist.
The searing ray hits the orc knight.
The orc knight is lightly wounded.
The orc knight barely misses you.
The electric eel shoots out a bolt of lightning at you!
The bolt of electricity hits you. You resist.
Casting: Searing Ray (safe; 1% risk of failure)
Confirm with . or Enter, or press ? or * to list all spells.
Aiming: Searing Ray (safe; 1% risk of failure)
Press: ? - help, Shift-Dir - straight line, p - orc knight
Okay, then.
The orc knight hits you with a +0 war axe!
Ouch! That really hurt!
You die...

#.≈≈≈≈≈.# #))#.≈≈≈
#≈≈≈≈≈≈.# #))#.≈≈≈
#≈≈≈≈≈### ..# ######≈≈
#≈≈≈≈≈# 8.+ #≈≈ #≈≈≈≈≈#
..# #≈≈ #≈≈≈≈≈#
#######'####### #≈≈
+.............+ #≈≈
###≈≈≈≈≈o≈≈≈≈≈≈≈######≈≈
≈≈≈≈;≈≈@≈≈≈≈≈≈≈≈≈≈≈≈≈≈≈≈
≈≈≈≈≈≈≈≈≈≈≈≈≈≈≈≈≈≈≈≈≈≈≈≈
≈≈≈≈≈≈≈≈≈≈≈≈≈≈≈≈≈≈≈≈≈≈≈≈
≈≈≈≈≈≈≈≈≈≈≈≈≈≈≈≈≈≈≈≈≈≈≈≈
≈≈≈≈≈≈≈≈≈≈≈≈≈≈≈≈≈≈≈≈≈≈≈≈
≈≈≈≈≈≈≈≈≈≈≈≈≈≈≈≈≈≈≈≈≈≈≈≈
≈≈≈≈≈≈≈≈≈≈≈≈≈≈≈≈≈≈≈≈≈≈≈≈
≈≈≈≈≈≈≈≈≈≈≈≈≈≈≈≈≈≈≈≈≈≈≈≈
########################


You could see an orc knight and an electric eel.

Vanquished Creatures
  An orc high priest (Bailey)
  Joseph (D:7)
  Maggie (D:7)
  Prince Ribbit (D:7)
  Duvessa (D:6)
  4 orc warriors
  A black bear (D:6)
  An ice beast (D:5)
  A phantom (D:6)
  An ogre (D:5)
  2 centaurs
  A big kobold (D:7)
  A bullfrog (D:5)
  Dowan (D:6)
  2 scorpions
  4 electric eels (Bailey)
  3 bullfrog zombies
  3 jellies
  3 hounds
  A gnoll shaman (D:5)
  2 orc priests
  A bullfrog skeleton (D:7)
  Ijyb (D:4)
  5 orc wizards
  3 worker ants
  A killer bee zombie (D:6)
  7 gnolls
  2 howler monkey skeletons
  A worker ant zombie (D:5)
  9 adders
  3 white imps
  An ufetubus (D:6)
  An ooze (D:2)
  6 worms
  5 dart slugs
  5 leopard geckos
  20 orcs
  4 giant cockroaches
  12 goblins
  7 hobgoblins
  17 jackals
  2 quokkas
  A ball python (D:1)
  9 bats
  6 frilled lizards
  9 kobolds
  12 rats
186 creatures vanquished.

Notes
Turn   | Place    | Note
-------+----------+-------------------------------------------
     0 | D:1      | hawla the Draconian Conjurer began the quest for the Orb.
     0 | D:1      | Reached XP level 1. HP: 14/14 MP: 3/3
   203 | D:1      | Reached XP level 2. HP: 7/20 MP: 0/5
   206 | D:1      | Learned a level 2 spell: Searing Ray
   668 | D:1      | You fall into a shaft and drop 1 floor!
   695 | D:2      | Reached XP level 3. HP: 10/26 MP: 0/6
  1336 | D:1      | Reached skill level 5 in Conjurations
  1868 | D:1      | Reached XP level 4. HP: 33/33 MP: 5/8
  1873 | D:1      | Learned a level 4 spell: Iskenderun's Mystic Blast
  3035 | D:3      | Reached skill level 1 in Translocations
  3195 | D:3      | Reached XP level 5. HP: 38/38 MP: 5/9
  4340 | D:3      | Reached skill level 6 in Conjurations
  4363 | D:3      | Reached XP level 6. HP: 19/45 MP: 3/11
  4558 | D:3      | Found an iron altar of Okawaru.
  4607 | D:4      | Found a sacrificial altar of Ru.
  4610 | D:4      | Found a stormy altar of Qazlal.
  4619 | D:4      | Noticed Ijyb
  4626 | D:4      | Killed Ijyb
  4758 | D:4      | Gained mutation: You have sharp fingernails. [potion of
                  | mutation]
  4758 | D:4      | Gained mutation: Your system is resistant to poisons.
                  | (rPois) [potion of mutation]
  5024 | D:4      | Found a blossoming altar of Fedhas.
  5068 | D:4      | Found a white marble altar of Elyvilon.
  5427 | D:5      | Entered Level 5 of the Dungeon
  5538 | D:5      | Reached skill level 7 in Conjurations
  5620 | D:5      | Your scales start taking on a glossy black colour.
  5620 | D:5      | Reached XP level 7. HP: 50/50 MP: 4/13
  5620 | D:5      | Gained mutation: You are resistant to electric shocks.
                  | (rElec) [Black Draconian growth]
  5793 | D:5      | Reached skill level 1 in Air Magic
  6394 | D:5      | Reached skill level 8 in Conjurations
  6490 | D:5      | Reached XP level 8. HP: 57/57 MP: 3/15
  6620 | D:6      | Found Duintojo's Jewellery Shoppe.
  6649 | D:6      | Reached skill level 5 in Spellcasting
  6879 | D:6      | Noticed Duvessa
  6881 | D:6      | Noticed Dowan
  6886 | D:6      | Killed Duvessa
  6887 | D:6      | Reached skill level 1 in Ice Magic
  6895 | D:6      | Killed Dowan
  7375 | D:6      | Found a shadowy altar of Dithmenos.
  7375 | D:6      | Found a basalt altar of Yredelemnul.
  7376 | D:6      | Found a glowing silver altar of Zin.
  7409 | D:6      | Reached skill level 9 in Conjurations
  7695 | D:6      | Found a staircase to the Ecumenical Temple.
  7920 | D:7      | Noticed Joseph
  7928 | D:7      | Killed Joseph
  7929 | D:7      | Reached XP level 9. HP: 62/62 MP: 7/18
  8064 | D:7      | Found a hide-covered altar of Uskayaw.
  8066 | D:7      | Found a sparkling altar of Nemelex Xobeh.
  8085 | D:7      | Noticed Prince Ribbit
  8093 | D:7      | Killed Prince Ribbit
  8094 | D:7      | Reached skill level 1 in Staves
  8151 | D:7      | Noticed Maggie
  8391 | D:7      | Killed Maggie
  8392 | D:7      | Reached skill level 5 in Ice Magic
  9120 | D:6      | Bought an uncursed amulet of magic regeneration for 420
                  | gold pieces
  9241 | D:8      | Found a flagged portal.
  9251 | Bailey   | Entered a bailey
  9435 | Bailey   | Found an iron altar of Okawaru.
  9435 | Bailey   | Noticed a kobold demonologist
  9435 | Bailey   | Noticed an orc high priest
  9440 | Bailey   | Noticed an orc knight
  9443 | Bailey   | Noticed an orange demon
  9446 | Bailey   | Noticed an orange demon
  9448 | Bailey   | Noticed an orange demon
  9451 | Bailey   | Killed an orc high priest
  9560 | Bailey   | Found the +9 staff of Olgreb {rPois∞}
  9622 | Bailey   | Slain by an orc knight

Illustrated notes

Levels and vault maps discovered:
D:1:      eino_arrival_cavern_b, layout_loops_ring, serial_forest,
          infiniplex_forest_side_room, infiniplex_forest_lined_1,
          infiniplex_forest_end_2, infiniplex_forest_lined_ring,
          minmay_indecisive_spiral
D:2:      layout_loops_cross
D:3:      layout_basic, lemuel_round_altar
D:4:      layout_rooms, grunt_temple_overflow_forces_of_nature,
          overflow_temple_1_default, kennysheep_mini, uniq_ijyb
D:5:      layout_rooms
D:6:      layout_rooms, gammafunk_temple_overflow_claw, temple_pool_b,
          serial_shops, shop, kennysheep_generic_room_15, uniq_duvessa
D:7:      layout_basic, chequers_temple_overflow_statue_of_worship, uniq_joseph,
          uniq_maggie, uniq_prince_ribbit1
D:8:      layout_loops_ring, erik_lair_dragon, enter_bailey_6,
          due_unseen_surprise
Bailey:   bailey_axe_of_yendor_kennysheep, bailey

Skill      XL: |  1  2  3  4  5  6  7  8  9 |
---------------+----------------------------+-----
Conjurations   | 5 6 7 8 9 |  9.0
Spellcasting   | 3 4 6 7 |  7.2
Translocations | 1 2 |  2.0
Air Magic      | 2 3 |  3.2
Ice Magic      | 4 7 |  7.2
Staves         | 4 |  4.0
Dodging        | |  1.7
Stealth        | |  1.7

Action                   |  1- 3 |  4- 6 |  7- 9 || total
-------------------------+-------+-------+-------++-------
Melee: Unarmed           |    60 |    60 |    41 ||   161
       Tailslap          |     6 |    13 |     2 ||    21
       Quarterstaff      |       |       |    13 ||    13
Throw: Boomerang         |       |       |    28 ||    28
 Cast: Magic Dart        |    38 |    28 |    41 ||   107
       Searing Ray       |    17 |    38 |    60 ||   115
       Iskenderun's Myst |       |     8 |    19 ||    27
  Use: Scroll            |       |    10 |     2 ||    12
       Potion            |       |     7 |     7 ||    14
Armor: Skin              |    27 |    26 |    51 ||   104
Dodge: Dodged            |    50 |    63 |    92 ||   205
